 Dungeon Crawl Stone Soup version 0.28-a0-664-gc179e30c89 (webtiles) character file.

Game seed: 16224299139553235782

57297 kae the Jinx (level 14, -2/74 HPs)
             Began as a Spriggan Enchanter on Oct 15, 2021.
             Was a High Priest of Dithmenos.
             Slain by a centaur warrior (7 damage)
             ... on level 12 of the Dungeon.
             The game lasted 00:29:33 (27713 turns).

kae the Jinx (Spriggan Enchanter)                  Turns: 27713, Time: 00:29:34

Health: -2/74      AC:  6    Str:  7    XL:     14   Next: 45%
Magic:  23/38      EV: 28    Int: 17    God:    Dithmenos [*****.]
Gold:   1782       SH:  0    Dex: 23    Spells: 20/34 levels left

rFire   . . .      SeeInvis +   n - +9 short sword of Responsibility {vorpal, rCorr}
rCold   . . .      Faith    .   (shield restricted)
rNeg    . . .      Spirit   .   q - +1 robe
rPois   .          Reflect  .   (helmet restricted)
rElec   .          Harm     .   o - +2 cloak
rCorr   +          Rampage  .   (gloves unavailable)
Will    ++...                   (boots unavailable)
Stlth   ++++++++++              I - amulet of regeneration
HPRegen 1.22/turn               m - +6 ring of dexterity
MPRegen 0.26/turn               u - ring of magical power

@: wreathed by umbra, very quick
A: very small, no large weapons, unfitting armour, see invisible, speed 3
a: Renounce Religion, Shadow Step, Shadow Form


You were on level 12 of the Dungeon.
You worshipped Dithmenos.
Dithmenos was extremely pleased with you.
You visited 3 branches of the dungeon, and saw 19 of its levels.
You visited the Abyss 1 time.

You collected 1857 gold pieces.
You spent 75 gold pieces at shops.

Inventory:

Hand Weapons
 a - a +1 spectral dagger
 b - a +1 dagger of venom
 f - a +2 dagger
 n - the +9 short sword of Responsibility (weapon) {vorpal, rCorr}
   (You acquired it on level 6 of the Dungeon)

   It inflicts extra damage upon your enemies.
   rCorr:     It protects you from acid and corrosion.
Armour
 o - a +2 cloak (worn)
 q - a +1 robe (worn)
Jewellery
 m - a +6 ring of dexterity (left hand)
 u - a ring of magical power (right hand)
 C - a ring of flight
 I - an amulet of regeneration (around neck)
Wands
 t - a wand of flame (34)
 v - a wand of polymorph (11)
 B - a wand of paralysis (18)
 H - a wand of charming (7)
 M - a wand of acid (11)
Scrolls
 d - a scroll of silence
 e - 5 scrolls of amnesia
 i - 6 scrolls of immolation
 k - 5 scrolls of fog
 p - 7 scrolls of teleportation
 s - 6 scrolls of identify
 y - 2 scrolls of blinking
 A - a scroll of vulnerability
 E - 5 scrolls of enchant armour
 F - a scroll of enchant weapon
 G - a scroll of magic mapping
 J - a scroll of brand weapon
 L - 2 scrolls of fear
Potions
 c - 2 potions of invisibility
 g - 2 potions of brilliance
 h - 2 potions of magic
 j - 4 potions of haste
 l - 2 potions of mutation
 r - 4 potions of might
 w - 4 potions of cancellation
 x - 6 potions of curing
 z - a potion of resistance
 D - 2 potions of heal wounds
 K - 2 potions of flight


   Skills:
 * Level 8.3 Fighting
 * Level 13.3 Short Blades
 + Level 11.6 Dodging
 + Level 14.1 Stealth
 + Level 10.8 Spellcasting
 * Level 14.6 Hexes
 * Level 7.7 Invocations


You had 20 spell levels left.
You knew the following spells:

 Your Spells              Type           Power      Damage    Failure   Level
a - Ensorcelled Hibernat  Hex/Ice        68%        N/A       1%          2
b - Confusing Touch       Hex            56%        N/A       1%          3
c - Tukima's Dance        Hex            56%        N/A       1%          3
d - Dazzling Flash        Conj/Hex       68%        N/A       1%          3
e - Stone Arrow           Conj/Erth      18%        3d8       24%         3

Your spell library contained the following spells:

 Spells                   Type           Power      Damage    Failure   Level
 Portal Projectile        Hex/Tloc       68%        N/A       1%          3
 Leda's Liquefaction      Hex/Erth       17%        N/A       3%          4
 Poisonous Vapours        Pois/Air       18%        N/A       12%         2
 Mephitic Cloud           Conj/Pois/Air  9%         N/A       24%         3
 Animate Armour           Summ/Erth      18%        N/A       61%         4
 Blade Hands              Tmut           4%         N/A       91%         5
 Excruciating Wounds      Necr           4%         N/A       91%         5
 Lee's Rapid Deconstruct  Erth           4%         3d6*      91%         5
 Eringya's Noxious Bog    Tmut/Pois      4%         N/A       100%        6
 Statue Form              Tmut/Erth      6%         N/A       100%        6
 Lehudib's Crystal Spear  Conj/Erth      4%         10d3      100%        8


Dungeon Overview and Level Annotations

Branches:
Dungeon (12/15)            Temple (1/1) D:4            Lair (6/6) D:10
 Shoals (0/4) Lair:2       Spider (0/4) Lair:2        Slime (0/5) Lair:6
    Orc (0/2) D:9

Altars:
Ashenzari
Cheibriados
Dithmenos
Elyvilon
Fedhas
Gozag
Hepliaklqana
Kikubaaqudgha
Makhleb
Nemelex Xobeh
Okawaru
Qazlal
Ru
Sif Muna
Trog
Uskayaw
Vehumet
Wu Jian
Xom
Yredelemnul
Zin
The Shining One
Jiyva
Lugonu

Shops:
D:2 (   D:8 *

Portals:
Abyss: Lair:3
Ice
Cave: D:12

Annotations:
D:3 3 runed translucent doors, Lurud's ghost, weakling GnIE
Lair:3 2 transporters, Tousas's ghost, journeyman DDFi
Lair:5 Rupert


Innate Abilities, Weirdness & Mutations

You are very small and have problems with some larger weapons.
You are too small for most types of armour.
You have supernaturally acute eyesight. (SInv)
You cover ground extremely quickly. (Speed+++)


Message History

The centaur barely misses you. The centaur misses you.
The vampire mosquito closely misses you.
The centaur warrior completely misses you.
The centaur warrior misses you. The centaur completely misses you. x2
Casting: Ensorcelled Hibernation (safe; 1% risk of failure)
Confirm with . or Enter, or press ? or * to list all spells.
Aiming: Ensorcelled Hibernation (safe; 1% risk of failure)
Press: ? - help, Shift-Dir - straight line, f/p - centaur warrior
Aim: a centaur warrior, quivering arrows (lightly wounded, umbra, chance to affect: 45%)
The centaur warrior resists with some effort.
The vampire mosquito bites you.
The vampire mosquito draws strength from your injuries!
The centaur hits you. The centaur barely misses you.
The centaur warrior hits you. The centaur warrior kicks you.
* * * LOW HITPOINT WARNING * * *
The centaur hits you.
* * * LOW HITPOINT WARNING * * *
The centaur misses you.
The vampire mosquito completely misses you.
The centaur closely misses you. The centaur misses you.
You closely miss the centaur warrior.
The centaur warrior is lightly wounded.
The centaur warrior barely misses you. The centaur warrior kicks you.
* * * LOW HITPOINT WARNING * * *
The centaur hits you.
* * * LOW HITPOINT WARNING * * *
The centaur completely misses you.
The vampire mosquito completely misses you.
Okay, then.
Casting: Ensorcelled Hibernation (safe; 1% risk of failure)
Confirm with . or Enter, or press ? or * to list all spells.
Casting: Dazzling Flash (safe; 1% risk of failure)
Press: ? - help, Dir - look around, f - activate The centaur is dazzled.
The centaur completely misses you. The centaur misses you.
The vampire mosquito bites you!
* * * LOW HITPOINT WARNING * * *
The vampire mosquito draws strength from your injuries!
The centaur hits you but does no damage.
The centaur completely misses you. The centaur warrior hits you!
You die...

*,*** *,,,,,,,,,,,,* *,,,*
***********,** *######+####
*,** *.....?....# *,,*
*..........# ****#*****,*
*..........# *,...,,,,,,,
*..........# **#....,,,,,,,
*.........c####......,,,,,,,
*.........c@yy..#,,,,,,,,,,,
*..>......c######,,,,,,,,,,,
*########### *,,,,,,,,,,,
*,,,,,,,,,,, ************


You could see a centaur warrior, 2 vampire mosquitoes and 2 centaurs.

Vanquished Creatures
  Nessos (Lair:6)
  6 hydras
  2 boulder beetles
  A catoblepas (Lair:4)
  2 two-headed ogres (D:11)
  6 death yaks
  Sonja (Lair:1)
  An ugly thing (D:9)
  2 cyclopes
  A manticore (D:11)
  14 elephants
  Joseph (D:7)
  8 black mambas
  27 cane toads
  An unseen horror (D:11)
  4 komodo dragons
  A rime drake (Lair:6)
  4 trolls
  3 polar bears
  13 blink frogs
  5 tyrant leeches (Lair:6)
  6 slime creatures (D:12)
  5 wyverns
  2 wraiths (D:10)
  71 yaks
  Eustachio (D:5)
  2 basilisks
  A death yak simulacrum (D:12)
  4 vampire mosquitoes (Lair:6)
  An acid dragon (D:11)
  17 water moccasins
  6 orc warriors
  2 sky beasts
  A swamp drake (D:9)
  2 ice beasts
  4 black bears
  A necrophage (D:5)
  3 ogres
  11 wolves
  5 centaurs
  3 phantoms
  A wyvern zombie (D:8)
  2 kobold brigands
  19 bullfrogs
  A two-headed ogre simulacrum (D:12)
  A gnoll sergeant (D:9)
  A water moccasin skeleton (D:7)
  An elephant simulacrum (D:12)
  6 killer bees (D:9)
  6 wights
  3 electric eels (Lair:6)
  2 howler monkeys
  6 centaur zombies
  A hound (D:6)
  2 jellies
  3 orc priests
  A centaur skeleton (D:7)
  4 iguanas (D:5)
  12 orc wizards
  A spriggan simulacrum (D:12)
  A killer bee zombie (D:8)
  A hound skeleton (D:4)
  2 howler monkey zombies (D:9)
  17 gnolls
  A howler monkey skeleton (D:6)
  7 adders
  A shadow imp (D:6)
  2 dart slugs
  42 orcs
  4 bats
  5 endoplasms
  8 giant cockroaches
  11 goblins
  8 hobgoblins
  10 jackals
  14 kobolds
  4 quokkas
  4 ball pythons
  5 frilled lizards
  2 rats
  A butterfly (Lair:1)
475 creatures vanquished.

Vanquished Creatures (collateral kills)
  2 wights (D:10)
2 creatures vanquished.

Vanquished Creatures (others)
  A dancing weapon (D:10)
  An orc (D:9)
  A bush (Lair:6)
  68 fungi
  174 plants
245 creatures vanquished.

Grand Total: 722 creatures vanquished

Notes
Turn   | Place    | Note
-------+----------+-------------------------------------------
     0 | D:1      | kae the Spriggan Enchanter began the quest for the Orb.
     0 | D:1      | Reached XP level 1. HP: 9/9 MP: 5/5
   299 | D:1      | Reached XP level 2. HP: 10/13 MP: 6/6
  1532 | D:2      | Reached XP level 3. HP: 16/16 MP: 8/8
  1535 | D:2      | Learned a level 2 spell: Ensorcelled Hibernation
  1539 | D:2      | Learned a level 3 spell: Confusing Touch
  1543 | D:2      | Learned a level 3 spell: Tukima's Dance
  1671 | D:2      | Found Tocsatz's Weapon Emporium.
  2637 | D:3      | Reached skill level 5 in Stealth
  2637 | D:3      | Reached XP level 4. HP: 21/21 MP: 6/9
  2692 | D:3      | Found a glowing golden altar of the Shining One.
  2714 | D:3      | Found a shimmering altar of Xom.
  2714 | D:3      | Found a sacrificial altar of Ru.
  2730 | D:3      | Found a hide-covered altar of Uskayaw.
  2733 | D:3      | Found a broken altar of Ashenzari.
  2800 | D:3      | Found a burning altar of Makhleb.
  2800 | D:3      | Found a glowing silver altar of Zin.
  2801 | D:3      | Noticed an angel
  2801 | D:3      | Noticed a balrug
  2966 | D:3      | Found an opulent altar of Gozag.
  3525 | D:3      | Found a runed translucent gate.
  3532 | D:3      | Found a runed translucent gate.
  3532 | D:3      | Found a runed translucent gate.
  3538 | D:3      | Noticed Lurud's ghost (weakling GnIE)
  3814 | D:4      | Reached XP level 5. HP: 22/24 MP: 6/11
  4035 | D:4      | Found a staircase to the Ecumenical Temple.
  4102 | Temple   | Entered the Ecumenical Temple
  4708 | D:4      | Noticed an ogre
  4715 | D:4      | Killed an ogre
  4716 | D:4      | Reached XP level 6. HP: 28/28 MP: 12/12
  5129 | D:5      | Entered Level 5 of the Dungeon
  5345 | D:5      | Reached skill level 5 in Hexes
  5561 | D:5      | Reached XP level 7. HP: 23/32 MP: 9/14
  5659 | D:5      | Noticed Eustachio
  5664 | D:5      | Killed Eustachio
  5665 | D:5      | Reached skill level 5 in Short Blades
  5684 | D:5      | Reached skill level 5 in Dodging
  5890 | D:5      | Found an iron altar of Okawaru.
  6324 | D:6      | Noticed a wyvern
  6328 | D:6      | Killed a wyvern
  6329 | D:6      | Identified 2 scrolls of acquirement
  6329 | D:6      | Acquired the +9 short sword of Responsibility {vorpal,
                  | rCorr}
  6366 | D:6      | Reached skill level 5 in Spellcasting
  6366 | D:6      | Reached XP level 8. HP: 35/36 MP: 13/16
  6771 | D:6      | Found a sparkling altar of Nemelex Xobeh.
  6882 | D:6      | Noticed a troll
  6901 | D:6      | Killed a troll
  8340 | D:7      | Reached XP level 9. HP: 39/39 MP: 18/18
  8497 | D:7      | Noticed Joseph
  8503 | D:7      | Killed Joseph
  8874 | D:7      | Found a hazy altar of Hepliaklqana.
  8878 | D:7      | Found a shadowy altar of Dithmenos.
 10232 | D:8      | Found Tupnask's General Store.
 10235 | D:8      | Bought a scroll of identify for 30 gold pieces
 10235 | D:8      | Bought a potion of curing for 45 gold pieces
 10240 | D:8      | Reached skill level 1 in Fighting
 10309 | D:9      | Acquired 607 gold pieces
 10315 | D:9      | Found a blossoming altar of Fedhas.
 10787 | D:9      | You fall into a shaft and drop 2 floors!
 10787 | D:11     | Noticed an unseen horror
 10804 | D:11     | Killed an unseen horror
 10805 | D:11     | Reached XP level 10. HP: 25/46 MP: 16/21
 11007 | D:11     | Noticed a cyclops
 11009 | D:11     | Noticed a boulder beetle
 11012 | D:11     | Killed a cyclops
 11014 | D:11     | HP: 2/46 [boulder beetle (44)]
 11336 | D:11     | Noticed a two-headed ogre
 11343 | D:11     | Killed a two-headed ogre
 11344 | D:11     | Reached skill level 10 in Stealth
 11344 | D:11     | Reached skill level 10 in Hexes
 11585 | D:11     | Noticed a manticore
 11592 | D:11     | Killed a manticore
 11900 | D:11     | Noticed a two-headed ogre
 11909 | D:11     | Killed a two-headed ogre
 11910 | D:11     | Reached XP level 11. HP: 38/53 MP: 15/23
 11936 | D:10     | Entered Level 10 of the Dungeon
 12017 | D:11     | Killed a boulder beetle
 12328 | D:10     | Reached skill level 10 in Short Blades
 12983 | D:10     | Found a staircase to the Lair.
 13889 | D:9      | Noticed a white ugly thing
 14099 | D:9      | Killed a white ugly thing
 14580 | D:9      | Found a staircase to the Orcish Mines.
 14603 | D:9      | Reached skill level 5 in Fighting
 14835 | D:7      | Became a worshipper of Dithmenos the Shadowed
 14920 | Lair:1   | Entered Level 1 of the Lair of Beasts
 14925 | Lair:1   | Learned a level 3 spell: Dazzling Flash
 14957 | Lair:1   | Reached skill level 1 in Invocations
 15177 | Lair:1   | Noticed Sonja
 15324 | Lair:1   | Cast into level 1 of the Abyss (Sonja)
 15337 | Abyss:1  | Learned a level 3 spell: Stone Arrow
 15360 | Abyss:1  | Noticed a starcursed mass
 15368 | Abyss:1  | Paralysed by accursed screaming for 1 turns
 15460 | Abyss:1  | Noticed a spatial maelstrom
 15517 | Abyss:1  | Noticed a cacodemon
 15526 | Abyss:1  | Noticed a tentacled monstrosity
 15529 | Abyss:1  | Noticed a thrashing horror
 15585 | Lair:1   | Escaped the Abyss
 15591 | Lair:1   | Killed Sonja
 15822 | Lair:1   | Reached XP level 12. HP: 60/60 MP: 23/25
 15876 | Lair:1   | Found a hazy altar of Hepliaklqana.
 15972 | Lair:1   | Noticed a four-headed hydra
 15979 | Lair:1   | Killed a four-headed hydra
 16860 | Lair:2   | Reached * piety under Dithmenos
 17113 | Lair:2   | Found a hole to the Spider Nest.
 17175 | Lair:2   | Found a staircase to the Shoals.
 17179 | Lair:2   | Reached skill level 10 in Dodging
 18691 | Lair:2   | Found a hole to the Spider Nest.
 18760 | Lair:2   | Found a staircase to the Shoals.
 19439 | Lair:3   | Found a broken altar of Ashenzari.
 19571 | Lair:3   | Found a transporter.
 19622 | Lair:3   | Found a transporter.
 19634 | Lair:3   | Reached ** piety under Dithmenos
 20122 | Lair:3   | Found a one-way gate to the infinite horrors of the Abyss.
 20122 | Lair:3   | Noticed Tousas's ghost (journeyman DDFi)
 20416 | Lair:4   | Reached skill level 5 in Invocations
 20517 | Lair:4   | Noticed a catoblepas
 20531 | Lair:4   | HP: 3/62 [something/blast of calcifying dust (2)]
 20595 | Lair:4   | Noticed a six-headed hydra
 20600 | Lair:4   | Killed a six-headed hydra
 20601 | Lair:4   | Reached XP level 13. HP: 66/66 MP: 27/27
 24260 | Lair:5   | Noticed Rupert
 24266 | Lair:5   | Reached skill level 10 in Spellcasting
 24440 | Lair:6   | Entered Level 6 of the Lair of Beasts
 24628 | Lair:6   | Found a viscous altar of Jiyva.
 24628 | Lair:6   | Found a staircase to the Slime Pits.
 24921 | Lair:6   | Reached *** piety under Dithmenos
 25795 | Lair:5   | Reached **** piety under Dithmenos
 25796 | Lair:5   | Reached XP level 14. HP: 67/72 MP: 29/29
 26242 | Lair:6   | Noticed Nessos
 26248 | Lair:6   | Killed Nessos
 26799 | Lair:6   | Got the Volume of Ashen Venom
 26852 | Lair:6   | Reached ***** piety under Dithmenos
 27580 | D:12     | Found a frozen archway.
 27713 | D:12     | Slain by a centaur warrior

Illustrated notes

Levels and vault maps discovered:
D:1:      dpeg_arrival_boxes_within_box, layout_rooms
D:2:      layout_basic, serial_shops, nicolae_lakefront_shop,
          minmay_increasing_density
D:3:      layout_rooms, grunt_temple_overflow_order_and_chaos_2,
          minmay_overflow_temple_star_hex, mainiacjoe_overflow_catwalk,
          ebering_ghost_rock_garden
D:4:      layout_gridville, minmay_temple_entry_sparse_star
D:5:      layout_basic, lemuel_tele_altar, uniq_eustachio
D:6:      layout_basic, nemelex_spade_bored_becter
D:7:      layout_gridville, riverfiend_overflow_shadow_ancestor,
          mrwooster_statue_mirror, uniq_joseph
D:8:      layout_loops_cross, serial_shops, nicolae_shop_behind_doors
D:9:      layout_irregular_city, fedhas_ov_isle_minmay, erik_orc_1
D:10:     layout_basic, minmay_lair_entry_grove
D:11:     layout_grid_maze
D:12:     layout_roguey, portal_ice_cave_entry_ice_simulacra
Temple:   corrupted_temple
Lair:1:   layout_cave_pods, basic_altar, grunt_megastairs_5,
          lemuel_fruit_fields, uniq_sonja
Lair:2:   layout_concentric_octagons, shoals_dummy_entry, dummy_spider_entry,
          serial_bayou_shore_b
Lair:3:   layout_loops_ring, gammafunk_ghost_abyssal_escape, basic_altar,
          chequers_serial_rivers_micro_c, st_stairs_8,
          grunt_forest_small_clearings, chequers_serial_rivers_large_a
Lair:4:   layout_regular_city
Lair:5:   layout_hall_layers, hibernation_bobbens, grunt_megastairs_3,
          infiniplex_staircase_pool, serial_bayou_shore_b, uniq_rupert
Lair:6:   minmay_lair_end_frog_pond, layout_long_grid, slime_altar_1,
          fungi_pond_lemuel, serial_bayou_pond_b, serial_bayou_pond_c,
          serial_bayou_shore_a, uniq_nessos

Skill      XL: |  1  2  3  4  5  6  7  8  9 10 11 12 13 14 |
---------------+-------------------------------------------+-----
Dodging        | 3 4 5 6 7 8 9 10 11 | 11.6
Short Blades   | 2 3 4 5 7 8 9 10 11 12 13 | 13.3
Spellcasting   | 3 4 5 7 8 9 10 | 10.8
Hexes          | 4 5 6 7 9 10 12 13 14 | 14.6
Stealth        | 5 6 7 8 9 10 11 12 13 14 | 14.1
Fighting       | 1 3 5 6 7 8 |  8.3
Invocations    | 2 5 6 7 |  7.7

Action                   |  1- 3 |  4- 6 |  7- 9 | 10-12 | 13-15 || total
-------------------------+-------+-------+-------+-------+-------++-------
Melee: Dagger            |   139 |   223 |     6 |       |       ||   368
       Short sword       |       |       |   202 |   306 |   467 ||   975
 Cast: Ensorcelled Hiber |     9 |    40 |    46 |   214 |   291 ||   600
       Confusing Touch   |       |     3 |    20 |     9 |    16 ||    48
       Tukima's Dance    |       |       |     1 |     6 |       ||     7
       Dazzling Flash    |       |       |       |     5 |     1 ||     6
  Use: Scroll            |     8 |     3 |    11 |     3 |     1 ||    26
 Stab: Sleeping          |    13 |    35 |    39 |   119 |    91 ||   297
       Distracted        |     1 |       |       |     1 |     1 ||     3
       Confused          |       |     3 |    16 |     7 |    20 ||    46
       Invisible         |       |       |       |     4 |       ||     4
Armor: Robe              |     9 |    40 |    30 |    28 |    64 ||   171
Dodge: Dodged            |    83 |   176 |   159 |   389 |   738 ||  1545

Table legend: (Time is in decaauts)
 A = Elapsed time spent in this place.
 B = Non-inter-level travel time spent in this place.
 C = Inter-level travel time spent in this place.
 D = Time resting spent in this place.
 E = Time spent auto-exploring this place.
 F = Levels seen in this place.
 G = Mean time per level.
                   A        B        C        D        E       F      G
               +--------+--------+--------+--------+--------+-----+--------+
         Total |  21254 |  20545 |    709 |   2745 |  14173 |  20 | 1062.7 |
       Dungeon |  12182 |  11739 |    443 |   1605 |   8268 |  12 | 1015.2 |
        Temple |    195 |    185 |     10 |    161 |     11 |   1 |  195.0 |
          Lair |   8689 |   8434 |    255 |    921 |   5878 |   6 | 1448.2 |
         Abyss |    187 |    187 |      0 |     58 |     15 |   1 |  187.0 |
               +--------+--------+--------+--------+--------+-----+--------+

Top non-repeatable levels by time:
  Lair:2: 1877 daAuts
  Lair:4: 1817 daAuts
  Lair:5: 1601 daAuts
  Lair:6: 1496 daAuts
     D:9: 1287 daAuts
     D:5: 1251 daAuts
    D:10: 1194 daAuts
    D:11: 1128 daAuts
     D:6: 1116 daAuts
     D:4: 1099 daAuts
     D:2: 1051 daAuts
     D:8: 1038 daAuts
     D:1: 1024 daAuts
  Lair:1: 998 daAuts
     D:3: 920 daAuts
